Map: Kairos Junction LE

Players

Piroxiljin - Winner!

  • Race: Terran Terran
  • Spawn Location: 11:00

VOD

Have the link to the VOD?

Description

Time

  • Played on: Jan. 14, 2019, 12:40 p.m.
  • Length: 23:59
Show
View Real Time Build Order
Export as new Build Order

Piroxiljin Terran - Winner!

Build Orders:  

Get SALT Encoding   

  12  0:03  SCV  
  13  0:33  SCV  
  13  0:34  Supply Depot  
  14  0:47  Refinery  
  14  0:51  SCV  
  15  1:09  SCV  
  16  1:29  Barracks  
  16  1:34  SCV  
  17  1:55  SCV  
  18  2:07  Barracks  
  18  2:18  SCV  
  19  2:39  Supply Depot, Orbital Command  
  19  2:49  Barracks Tech Lab  
  19  3:20  Factory  
  19  3:26  Engineering Bay  
  19  3:36  SCV  
  19  3:37  Refinery  
  20  3:40  Barracks Tech Lab  
  20  3:58  Marauder  
  22  4:06  SCV  
  23  4:24  Factory Tech Lab  
  23  4:27  Factory  
  23  4:28  Marine  
  33  5:20  Reaper x2  
  25  5:48  SCV  
  26  5:59  Marine  
  26  6:00  Marauder  
  29  6:13  Command Center  
  29  6:19  Terran Infantry Weapons Level 1  
  29  6:28  Factory Tech Lab  
  29  6:39  Marine  
  30  6:40  Marine  
  31  7:06  Supply Depot  
  31  7:08  Supply Depot  
  31  7:12  Supply Depot  
  31  7:13  Supply Depot  
  31  7:20  Supply Depot  
  31  7:21  Supply Depot  
  31  7:33  Unknown  
  31  7:36  SCV, Cyclone, Marine x2  
  37  7:50  Siege Tank  
  40  8:01  Marauder  
  42  8:15  Orbital Command  
  42  8:21  Siege Tank  
  45  8:54  Starport  
  45  9:26  SCV  
  45  9:29  SCV  
  47  9:43  SCV  
  47  9:49  Supply Depot  
  39  10:10  Cyclone x2  
  39  10:12  Marine  
  39  10:13  Marine  
  41  10:21  Supply Depot  
  41  10:22  SCV  
  42  10:37  Marine  
  42  10:39  SCV  
  44  10:48  Marine  
  45  10:52  Supply Depot  
  45  10:55  Siege Tank x2  
  45  10:59  Starport Tech Lab  
  51  11:05  Terran Infantry Armor Level 1  
  51  11:10  Concussive Shells  
  51  11:23  Supply Depot  
  51  11:35  Medivac  
  53  11:59  Supply Depot  
  53  12:15  SCV  
  53  12:17  SCV  
  55  12:31  SCV  
  55  12:34  SCV  
  57  12:40  Supply Depot  
  57  12:41  Supply Depot x2  
  57  12:42  Supply Depot  
  57  12:48  Supply Depot  
  57  12:50  Refinery  
  57  12:56  SCV  
  57  12:58  Refinery  
  58  13:01  Marine  
  58  13:02  Marine  
  58  13:05  Cyclone x2  
  66  13:13  SCV  
  66  13:15  Supply Depot  
  67  13:26  Marauder  
  67  13:27  Marauder  
  71  13:50  Siege Tank  
  73  14:09  Unknown  
  73  14:25  Marine x2  
  75  14:39  Unknown  
  74  14:50  Marauder x2  
  74  14:53  Viking  
  80  15:22  Armory  
  80  15:33  Hellion x2  
  80  15:35  Viking  
  86  15:42  SCV  
  87  15:59  SCV  
  88  16:03  Siege Tank, Hellion  
  88  16:09  Supply Depot  
  93  16:16  Supply Depot  
  93  16:30  Fusion Core  
  93  16:33  Cyclone  
  96  16:42  Supply Depot  
  96  16:48  Marine  
  96  16:49  Marine  
  98  16:54  Siege Tank  
  101  17:00  Viking  
  101  17:09  Siege Tank x4  
  103  17:13  Marauder  
  103  17:14  Marauder  
  103  17:17  Thor  
  113  17:39  Siege Tank  
  112  19:34  Siege Tank x5  
  112  19:58  Raven  
  114  20:46  Siege Tank x5  
  114  20:58  Medivac  
  111  21:53  Siege Tank x5  
  111  22:25  Thor  
  111  22:26  Thor  
  111  22:28  Marine x2  
  125  22:53  Marauder, Marine  
  128  23:18  Marauder  
Tags
 
Add a new tag
Caveats
  • Supply blocks, unpowered buildings, or Contaminate may cause inaccurate times.
  • Supply counts are checked every 10 seconds.